Map: Scythe of Amon

Players

Odin

  • Race: Protoss Protoss
  • League: Gold
  • Spawn Location: 5:00

keyser

  • Race: Terran Terran
  • League: Gold
  • Spawn Location: 5:00

VOD

Have the link to the VOD?

Description

Time

  • Played on: Dec. 7, 2018, 4:56 a.m.
  • Length: 25:01
Show
View Real Time Build Order
Export as new Build Order

Odin Protoss 

Build Orders:  

Get SALT Encoding   

  12  0:05  Probe (Chrono Boost)  
  13  0:29  Probe (Chrono Boost), Pylon  
  14  0:45  Probe (Chrono Boost)  
  15  0:57  Probe (Chrono Boost)  
  16  1:03  Robotics Facility  
  16  1:09  Probe (Chrono Boost)  
  17  1:11  Assimilator  
  17  1:14  Assimilator  
  17  1:22  Probe (Chrono Boost)  
  18  1:47  Probe (Chrono Boost)  
  19  1:59  Probe (Chrono Boost)  
  20  2:17  Pylon  
  15  2:20  Probe (Chrono Boost)  
  21  2:22  Observer  
  22  2:33  Pylon  
  22  2:38  Probe (Chrono Boost)  
  23  2:45  Taldarin's A.I. Personality  
  23  2:51  Probe (Chrono Boost)  
  23  2:52  Immortal  
  28  3:05  Robotics Bay  
  28  3:11  Probe (Chrono Boost)  
  29  3:29  Probe (Chrono Boost)  
  30  3:51  Immortal  
  30  3:53  Probe (Chrono Boost)  
  35  4:05  Probe (Chrono Boost)  
  36  5:24  Warbringer's A.I. Personality  
  36  5:30  Pylon x2  
  36  5:33  Pylon  
  36  5:34  Pylon  
  36  5:37  Colossus  
  36  5:38  Extended Thermal Lance  
  36  5:46  Probe (Chrono Boost)  
  43  6:26  Stargate  
  43  6:28  Stargate  
  43  6:49  Colossus  
  48  7:50  Scout x2  
  55  8:31  Scout x2  
  55  8:32  Mojo's A.I. Personality  
  55  8:35  Gravimetric Overload  
  61  8:42  Fleet Beacon  
  61  8:45  Pylon  
  61  8:46  Pylon  
  61  8:49  Pylon  
  58  10:05  Purification Blast  
  58  10:14  Carrier  
  58  10:15  Carrier  
  68  11:10  Probe (Chrono Boost)  
  54  11:17  Graviton Catapult  
  54  11:18  Clolarion's A.I. Personality  
  54  11:25  Forge  
  54  11:26  Probe (Chrono Boost)  
  54  11:28  Forge  
  55  11:35  Nexus  
  55  11:49  Immortal  
  55  11:50  Assimilator  
  55  11:58  Assimilator  
  55  12:01  Pylon  
  55  12:02  Carrier x2  
  55  12:06  Pylon  
  59  12:10  Pylon  
  59  12:13  Purifier Armaments  
  59  12:15  Observation Protocol  
  71  12:39  Probe (Chrono Boost)  
  72  12:56  Observer, Probe (Chrono Boost)  
  75  13:13  Probe (Chrono Boost)  
  75  13:29  Probe (Chrono Boost)  
  76  13:38  Cybernetics Core  
  76  13:39  Cybernetics Core  
  76  13:44  Pylon  
  76  13:46  Probe (Chrono Boost), Pylon  
  76  14:18  Carrier  
  76  14:22  Carrier  
  76  14:50  Colossus  
  94  16:10  Interdictors  
  84  17:05  Carrier  
  84  17:37  Protoss Ground Weapons Level 1, Protoss Ground Armor Level 1  
  90  17:40  Combat Sensor Array  
  90  18:08  Gateway  
  90  18:15  Gateway  
  90  18:18  Gateway  
  90  18:19  Pylon  
  90  18:20  Pylon  
  90  18:24  Pylon  
  90  18:25  Pylon  
  90  18:40  Suppression Procedure  
  90  18:56  Assimilator  
  92  19:20  Probe x2 (Chrono Boost)  
  92  19:37  Probe x2 (Chrono Boost)  
  94  19:48  Warp Gate  
  94  19:49  Optimized Emitters  
  96  19:54  Probe x2 (Chrono Boost)  
  96  20:03  Gateway  
  96  20:07  Gateway  
  98  20:10  Gateway  
  98  20:11  Probe x2 (Chrono Boost)  
  98  20:12  Gateway  
  98  20:15  Gateway  
  98  20:23  Gateway  
  98  20:28  Probe x2 (Chrono Boost)  
  98  20:45  Probe x2 (Chrono Boost)  
  98  20:48  Protoss Air Armor Level 1  
  98  20:49  Protoss Air Weapons Level 1  
  87  21:30  Probe (Chrono Boost)  
  87  21:31  Probe (Chrono Boost)  
  87  21:46  Assimilator  
  87  21:47  Probe (Chrono Boost)  
  87  21:48  Probe (Chrono Boost)  
  87  22:04  Probe (Chrono Boost)  
  87  22:05  Probe (Chrono Boost)  
  87  22:21  Probe (Chrono Boost)  
  87  22:22  Probe (Chrono Boost)  
  87  22:36  Legionnaire x4  
  87  22:37  Legionnaire x5  
  87  22:38  Probe x2 (Chrono Boost)  
  116  22:55  Probe x2 (Chrono Boost)  
  104  23:55  Legionnaire x4  
Show
View Real Time Build Order
Export as new Build Order

keyser Terran 

Build Orders:  

Get SALT Encoding   

  12  0:03  SCV  
  13  0:24  SCV  
  14  0:34  Barracks  
  14  0:41  SCV  
  15  1:01  Supply Depot  
  15  1:07  Orbital Command  
  15  1:24  Refinery  
  15  1:29  Marine  
  15  1:39  Marine  
  17  1:57  SCV  
  18  2:09  Barracks  
  18  2:10  Marine  
  18  2:14  SCV  
  18  2:19  Refinery  
  20  2:21  Marine  
  21  2:33  SCV  
  21  2:36  Barracks Tech Lab  
  22  2:45  Barracks Reactor  
  22  2:50  SCV  
  23  3:12  Supply Depot  
  23  3:14  Supply Depot  
  23  3:15  Stabilizer Medpacks  
  23  3:40  Marine x2  
  23  3:42  Medic  
  23  3:46  Supply Depot  
  23  3:49  SCV  
  28  3:50  Marine x2  
  28  3:52  Medic  
  32  4:02  Medic  
  32  4:06  SCV  
  35  4:20  Marine x2  
  37  4:31  Marine  
  37  4:32  Marine, Unknown, SCV  
  37  4:34  Barracks  
  40  5:01  Marine  
  40  5:02  Marine x2  
  43  5:11  Marine  
  43  5:12  Medic  
  43  5:18  Barracks Tech Lab  
  46  5:25  Supply Depot  
  46  5:44  Supply Depot  
  46  5:49  SCV  
  47  5:56  Supply Depot  
  47  6:06  SCV  
  48  6:16  Marine x3  
  48  6:17  Marine  
  52  6:23  SCV  
  53  6:40  SCV  
  54  6:57  Marine, SCV  
  54  6:58  Marine x3  
  55  7:08  Medic x2  
  59  7:12  Bunker  
  59  7:14  SCV  
  64  7:23  Marine  
  64  7:24  Marine x3  
  68  7:34  Marine, Medic  
  71  8:06  Medic  
  71  8:26  Supply Depot  
  71  8:32  Supply Depot  
  71  8:36  Command Center  
  71  8:38  Supply Depot  
  71  8:53  Medic  
  71  8:57  Marine x3  
  76  9:20  Marine  
  76  9:21  Marine x3  
  80  9:31  Marine x2, Medic x2  
  86  9:40  Supply Depot  
  86  9:41  Marine x4  
  86  9:42  Supply Depot x2  
  90  9:51  Marine x2  
  78  10:49  Marine x4  
  78  10:59  Marine x4  
  82  11:08  Orbital Command  
  86  11:20  Barracks  
  86  11:21  Barracks  
  86  11:28  Barracks  
  86  11:56  Command Center  
  86  11:59  Barracks Reactor  
  86  12:01  Barracks Reactor  
  86  12:07  Barracks Tech Lab  
  86  12:18  Supply Depot  
  86  12:22  Supply Depot  
  86  12:23  Engineering Bay  
  86  12:27  Engineering Bay  
  84  12:34  Marine  
  84  12:35  Marine x2  
  87  12:51  Supply Depot  
  87  12:58  Marine x4  
  87  13:08  Marine  
  83  13:24  Terran Infantry Weapons Level 1  
  83  13:25  Terran Infantry Armor Level 1  
  83  13:33  Factory  
  83  13:40  Barracks  
  83  13:44  Barracks  
  83  13:50  Marine x4  
  83  13:51  Marine x2  
  83  13:55  Orbital Command  
  83  13:56  SCV  
  83  13:57  SCV  
  84  14:32  Medic  
  84  14:33  Medic x2  
  84  14:34  Marine x4  
  90  14:43  Marine x3  
  90  14:44  Marine  
  94  15:19  Marine  
  91  15:20  Marine x3  
  74  16:01  Marine x2  
  74  16:02  Marine x5  
  79  16:11  Marine  
  79  16:12  Marine x4  
  84  16:46  SCV  
  84  16:47  SCV  
  84  17:08  Marine x6  
  84  17:09  Marine  
  84  17:18  Marine x4  
  87  17:39  SCV x2  
  89  17:40  SCV  
  87  17:56  SCV x2  
  87  17:57  SCV  
  89  18:13  SCV x2  
  89  18:14  SCV  
  89  18:16  Marine x4  
  89  18:17  Marine  
  89  18:19  Marine  
  101  18:22  Marine  
  101  18:26  Marine x3  
  101  18:27  Marine x2  
  101  18:29  Marine  
  112  18:30  SCV  
  100  18:31  SCV  
  100  18:33  Marine  
  100  18:36  Marine x2  
  100  18:37  Marine  
  106  18:44  Refinery  
  106  18:48  Refinery, SCV  
  107  19:12  Medic x3  
  107  19:13  Marine x2  
  107  19:14  Marine x2  
  117  19:22  Medic x3  
  117  19:23  Marine, Barracks Tech Lab  
  117  19:24  Marine x3, Barracks Reactor  
  127  19:31  Armory  
  127  19:32  Marine, Medic  
  127  19:33  Marine  
  127  19:34  Marine x4  
  135  19:42  Marine  
  135  19:43  Marine x2  
  135  19:44  Marine x4  
  142  19:53  Marine x2, Command Center  
  137  20:16  Marine x6  
  137  20:17  Marine  
  144  20:26  Marine x2  
  118  20:53  Marine x4  
  118  20:54  Marine x3  
  125  21:01  Medic  
  125  21:03  Marine x3  
  125  21:04  Marine x4  
  131  21:12  Medic  
  131  21:13  Marine x2  
  131  21:14  Marine x5  
  140  21:22  Medic  
  140  21:23  Marine  
  138  21:37  Marine x5  
  138  21:38  Marine x5  
  139  21:47  Marine x4  
  148  21:57  Marine x4  
  148  21:58  Marine  
  157  22:22  Orbital Command  
  121  23:01  Medic x4  
  121  23:03  Marine x2  
  121  23:04  Marine x4  
  135  23:11  Medic x2  
  135  23:12  Marine, Medic  
  135  23:14  Marine x6  
  148  23:21  Marine x2  
  148  23:22  Marine  
  137  24:17  Marine x3  
  137  24:18  Marine x6  
  137  24:19  Marine  
  121  24:27  Marine x3  
  121  24:28  Marine x5  
  121  24:29  Marine x2  
Tags
 
Add a new tag
Caveats
  • Supply blocks, unpowered buildings, or Contaminate may cause inaccurate times.
  • Supply counts are checked every 10 seconds.